 Dungeon Crawl Stone Soup version 0.28-a0-1117-g0bdd5ba030 (webtiles) character file.

Game seed: 8353223925984931863

2074 wakim the Zephyrmancer (level 9, -3/78 HPs)
             Began as a Tengu Air Elementalist on Dec 11, 2021.
             Was a Follower of Vehumet.
             Slain by a mummy (12 damage)
             ... in an ossuary.
             The game lasted 00:31:24 (8931 turns).

wakim the Zephyrmancer (Tengu Air Elementalist)     Turns: 8931, Time: 00:31:24

Health: -3/78      AC: 28    Str: 14    XL:     9   Next: 26%
Magic:  2/15       EV:  2    Int: 20    God:    Vehumet [*.....]
Gold:   127        SH:  5    Dex: 15    Spells: 5/15 levels left

rFire   . . .      SeeInvis .   a - +3 short sword (vamp)
rCold   . . .      Faith    .   g - +0 buckler
rNeg    . . .      Spirit   .   (armour currently unavailable)
rPois   +          Reflect  .   (helmet currently unavailable)
rElec   .          Harm     .   (cloak currently unavailable)
rCorr   .          Rampage  .   (gloves currently unavailable)
Will    .....      NoTele   +   (boots unavailable)
Stlth   ++........              (no amulet)
HPRegen 0.23/turn               i - +6 ring of strength
MPRegen 0.14/turn               e - +4 ring of protection

@: tree-form (expiring)
A: stationary, stasis, torment immunity, boosted hp, (beak), (talons 3), nimble
flight
a: Renounce Religion


You were in an ossuary.
You worshipped Vehumet.
Vehumet was aware of your devotion.
You were a tree.
You visited 2 branches of the dungeon, and saw 8 of its levels.
You also visited: Ossuary.

You collected 435 gold pieces.
You spent 308 gold pieces at shops.

Inventory:

Hand Weapons
 a - a +3 vampiric short sword (weapon)
 b - a +1 dagger of venom
Armour
 d - a +0 pair of gloves (melded)
 g - a +0 buckler (worn)
 h - a +1 robe (melded)
Jewellery
 c - a ring of ice
 e - a +4 ring of protection (right branch)
 i - a +6 ring of strength (left branch)
Wands
 x - a wand of iceblast (3)
Scrolls
 f - a scroll of enchant weapon
 r - a scroll of identify
 T - 3 scrolls of teleportation
 U - a scroll of fear
 X - a scroll of fog
 Y - a scroll of blinking {!r}
Potions
 B - a potion of attraction {!q}
 D - a potion of brilliance
 L - a potion of lignification {!q}
 O - a potion of resistance


   Skills:
 + Level 4.1 Fighting
 - Level 2.1 Dodging
 - Level 2.0 Stealth
 - Level 4.0 Shields
 + Level 3.8 Spellcasting
 - Level 3.0 Conjurations
 - Level 12.0 Air Magic
 - Level 3.0 Evocations


You had 5 spell levels left.
You knew the following spells:

 Your Spells              Type           Power      Damage    Failure   Level
a - Shock                 Conj/Air       100%       1d9       1%          1
b - Airstrike             Air            25%        N/A       1%          4
d - Static Discharge      Conj/Air       33%        N/A       1%          2
s - Swiftness             Air            51%        N/A       1%          3

Your spell library contained the following spells:

 Spells                   Type           Power      Damage    Failure   Level
 Foxfire                  Conj/Fire      36%        2x1d5     7%          1
 Chain Lightning          Conj/Air       16%        3d22      100%        9
 Fire Storm               Conj/Fire      4%         8d1       100%        9
 Shatter                  Erth           1%         3d6*      100%        9


Dungeon Overview and Level Annotations

Branches:
Dungeon (7/15)             Temple (1/1) D:6         Ossuary (1/1)

Altars:
Cheibriados
Dithmenos
Elyvilon
Gozag
Hepliaklqana
Kikubaaqudgha
Makhleb
Nemelex Xobeh
Okawaru
Qazlal
Ru
Trog
Uskayaw
Vehumet
Xom
Yredelemnul
The Shining One

Shops:
D:3 ?   D:5 ?   D:7 [

Annotations:
D:5 2 transporters, Maggie; tilp's ghost, amateur FeIE


Innate Abilities, Weirdness & Mutations

You are a tree.
Your roots penetrate the ground, keeping you stationary.
You cannot be teleported.
You are immune to unholy pain and torment.
Your maximum health is greatly increased.
Your equipment is partially melded.
((You have a beak for a mouth.))
((You have claws for feet.))
Your magical nature lets you fly swiftly and evasively.


Message History

You barely miss the mummy.
The mummy is moderately damaged.
The mummy barely misses you.
You hit the mummy but do no damage.
The mummy is moderately damaged.
The mummy hits you but does no damage. x2
Casting: Static Discharge (safe; 1% risk of failure)
Confirm with . or Enter, or press ? or * to list all spells.
The mummy is struck by an arc of lightning!
The mummy is severely damaged.
The lightning grounds out.
The mummy hits you but does no damage.
Okay, then.
You hit the mummy.
The mummy is almost destroyed.
You block the mummy's attack.
You hit the mummy.
You destroy the mummy!
Vehumet accepts your kill.
You can now gain magical power from killing.
Vehumet offers you knowledge of Foxfire.
The mummy hits you but does no damage.
You hit the mummy.
The mummy is lightly damaged.
Your transformation is almost over.
The mummy hits you but does no damage.
You hit the mummy.
The mummy is moderately damaged.
You completely miss the mummy.
The mummy is moderately damaged.
The mummy hits you.
* * * LOW HITPOINT WARNING * * *
You barely miss the mummy.
The mummy is moderately damaged.
The mummy hits you but does no damage.
You barely miss the mummy.
The mummy is moderately damaged.
You hit the mummy but do no damage.
The mummy is moderately damaged.
The mummy hits you!
You die...

#......#
#....#
#....#
#....#
#....#
#....#
#....#
#...M#
#..♣.#
#.∩∩.#
######


You could see a mummy.

Vanquished Creatures
  Sigmund (D:4)
  A wyvern (D:4)
  An acid dragon (D:6)
  An orc warrior (D:6)
  A sky beast (D:6)
  An ice beast (D:7)
  2 ogres (D:5)
  2 bullfrogs
  2 wyvern zombies (D:6)
  3 scorpions
  A water moccasin zombie (D:6)
  A wyvern skeleton (D:7)
  A howler monkey (D:7)
  A bullfrog zombie (D:5)
  A centaur zombie (D:5)
  2 hounds
  2 jellies
  A centaur skeleton (D:7)
  2 orc priests
  2 orc wizards
  An iguana (D:7)
  A killer bee zombie (D:6)
  7 mummies (Ossuary)
  Robin (D:2)
  6 adders
  A shadow imp (D:5)
  2 worms (D:2)
  6 dart slugs
  14 orcs
  8 ball pythons
  4 endoplasms
  5 giant cockroaches
  A gnoll zombie (Ossuary)
  14 goblins
  6 hobgoblins
  4 jackals (D:1)
  7 kobolds
  3 quokkas
  7 bats
  3 frilled lizards
  2 hobgoblin zombies (Ossuary)
  2 kobold zombies (Ossuary)
  3 orc zombies (Ossuary)
  3 rats
140 creatures vanquished.

Notes
Turn   | Place    | Note
-------+----------+-------------------------------------------
     0 | D:1      | wakim the Tengu Air Elementalist began the quest for the
                  | Orb.
     0 | D:1      | Reached XP level 1. HP: 10/10 MP: 4/4
   217 | D:1      | Reached XP level 2. HP: 15/15 MP: 3/6
   830 | D:1      | Reached skill level 5 in Air Magic
   911 | D:1      | Reached XP level 3. HP: 17/19 MP: 3/7
  1194 | D:1      | Found a faded altar of an unknown god.
  1803 | D:1      | Learned a level 3 spell: Swiftness
  2136 | D:2      | Reached XP level 4. HP: 24/24 MP: 4/8
  2815 | D:2      | Noticed Robin
  2829 | D:2      | Killed Robin
  3477 | D:3      | Reached skill level 6 in Air Magic
  3567 | D:3      | Found Betsuen's Magic Scroll Shoppe.
  3654 | D:3      | Bought a scroll of blinking for 105 gold pieces
  3654 | D:3      | Bought a scroll of fear for 49 gold pieces
  3654 | D:3      | Bought a scroll of teleportation for 42 gold pieces
  3765 | D:3      | Gained mutation: Your magical nature lets you fly swiftly
                  | and evasively. [Tengu growth]
  3765 | D:3      | Reached XP level 5. HP: 28/28 MP: 6/10
  3806 | D:3      | Learned a level 4 spell: Airstrike
  4398 | D:4      | Reached skill level 1 in Shields
  4411 | D:4      | Noticed Sigmund
  4889 | D:4      | Reached skill level 1 in Fighting
  5021 | D:4      | Killed Sigmund
  5022 | D:4      | Reached XP level 6. HP: 29/35 MP: 2/11
  5171 | D:4      | Noticed a wyvern
  5204 | D:4      | Killed a wyvern
  5205 | D:4      | Reached XP level 7. HP: 41/41 MP: 5/12
  5492 | D:5      | Entered Level 5 of the Dungeon
  5492 | D:5      | Found a hide-covered altar of Uskayaw.
  5533 | D:5      | Reached skill level 7 in Air Magic
  5844 | D:5      | Found Zetz's Magic Scroll Shoppe.
  5942 | D:3      | Bought 3 scrolls of identify for 84 gold pieces
  6035 | D:5      | Reached skill level 8 in Air Magic
  6354 | D:5      | Found a transporter.
  6358 | D:5      | Noticed tilp's ghost (amateur FeIE)
  6387 | D:5      | Reached skill level 9 in Air Magic
  6387 | D:5      | Reached XP level 8. HP: 46/46 MP: 1/13
  6597 | D:5      | Found a transporter.
  6798 | D:5      | Bought a scroll of identify for 28 gold pieces
  6814 | D:6      | Noticed Maggie
  7156 | D:6      | Reached skill level 10 in Air Magic
  7368 | D:6      | Learned a level 2 spell: Static Discharge
  7561 | D:6      | Reached skill level 11 in Air Magic
  7674 | D:6      | Found a staircase to the Ecumenical Temple.
  7683 | Temple   | Entered the Ecumenical Temple
  7829 | Temple   | Became a worshipper of Vehumet
  8321 | D:6      | Reached skill level 12 in Air Magic
  8321 | D:6      | Reached skill level 1 in Evocations
  8337 | D:6      | Reached XP level 9. HP: 50/51 MP: 1/14
  8484 | D:7      | Found Zedu Yti's Armour Shoppe.
  8846 | D:7      | Found a sand-covered staircase.
  8861 | Ossuary  | Entered an ossuary
  8925 | Ossuary  | Reached * piety under Vehumet
  8925 | Ossuary  | Offered knowledge of Foxfire by Vehumet.
  8931 | Ossuary  | Slain by a mummy

Illustrated notes

Levels and vault maps discovered:
D:1:      arrival_zaba_pyramid, layout_basic, ebering_ecumenical_altar_hall
D:2:      layout_basic, minivault_14, nrook_loot_triangle, uniq_robin
D:3:      layout_rooms, serial_shops, nicolae_shop_waterfront,
          serial_co_window_serial, co_window_paths_b, co_window_paths_a,
          co_window_corner_a, co_window_of_opportunity_a, co_window_corner_a,
          co_window_broadway_a, co_window_of_opportunity_c, co_window_paths_c,
          co_window_4corner_b, glass_columns_a, glass_columns_b,
          minmay_tree_intersection
D:4:      layout_basic, uniq_sigmund
D:5:      layout_loops_ring, eat_drink_and_be_merry_uskayaw, serial_shops,
          nicolae_shop_statue_plus, gammafunk_ghost_stat_death
D:6:      layout_basic, minmay_temple_entry_wispy, uniq_maggie
D:7:      layout_loops_ring, fedhas_ov_isle_minmay,
          mainiacjoe_overflow_small_starburst, nicolae_ossuary_entry_ruins,
          serial_shops, shop, ebering_ghost_disaster_area
Temple:   regret_index_temple_sphere_string
Ossuary:  ossuary_tomb_3

Skill      XL: |  1  2  3  4  5  6  7  8  9 |
---------------+----------------------------+-----
Conjurations   | 2 3 |  3.0
Air Magic      | 5 6 9 12 | 12.0
Spellcasting   | 3 |  3.8
Shields        | 3 4 |  4.0
Fighting       | 2 3 4 |  4.1
Evocations     | 1 3 |  3.0
Dodging        | |  2.1
Stealth        | |  2.0

Action                   |  1- 3 |  4- 6 |  7- 9 || total
-------------------------+-------+-------+-------++-------
Melee: Unarmed           |     6 |       |       ||     6
       Peck              |     3 |     1 |     9 ||    13
       Kick              |     1 |     6 |    17 ||    24
       Short sword       |       |    20 |    57 ||    77
       Dagger            |       |       |    12 ||    12
 Cast: Shock             |    77 |    66 |    55 ||   198
       Airstrike         |       |     2 |    15 ||    17
       Swiftness         |       |     1 |     2 ||     3
       Static Discharge  |       |       |    22 ||    22
Evoke: Wand              |       |       |     3 ||     3
  Use: Scroll            |     1 |     4 |    11 ||    16
       Potion            |       |     1 |     2 ||     3
 Stab: Sleeping          |       |     3 |     1 ||     4
Armor: Robe              |    20 |     3 |    29 ||    52
       Skin              |       |       |    15 ||    15
Dodge: Dodged            |    64 |    32 |    76 ||   172
Block: Buckler           |       |     7 |    23 ||    30

Table legend: (Time is in decaauts)
 A = Elapsed time spent in this place.
 B = Non-inter-level travel time spent in this place.
 C = Inter-level travel time spent in this place.
 D = Time resting spent in this place.
 E = Time spent auto-exploring this place.
 F = Levels seen in this place.
 G = Mean time per level.
                   A        B        C        D        E       F      G
               +--------+--------+--------+--------+--------+-----+--------+
         Total |   8619 |   7878 |    741 |    869 |   5518 |   9 |  957.7 |
       Dungeon |   8395 |   7691 |    704 |    869 |   5409 |   7 | 1199.3 |
        Temple |    155 |    119 |     36 |      0 |    100 |   1 |  155.0 |
       Ossuary |     69 |     69 |      0 |      0 |      8 |   1 |   69.0 |
               +--------+--------+--------+--------+--------+-----+--------+

Top non-repeatable levels by time:
     D:1: 1949 daAuts
     D:2: 1477 daAuts
     D:6: 1340 daAuts
     D:4: 1316 daAuts
     D:5: 1194 daAuts
     D:3: 898 daAuts
     D:7: 218 daAuts
  Temple: 155 daAuts
 Ossuary: 69 daAuts
